 Dungeon Crawl Stone Soup version 0.16.2-12-gd0ad4c3 (webtiles) character file.

112 faibistes the Cudgeler (level 4, -9/45 HPs)
             Began as an Ogre Warper on Dec 7, 2017.
             Killed from afar by Sigmund (10 damage)
             ... with a puff of flame
             ... on level 2 of the Dungeon.
             The game lasted 00:07:32 (3481 turns).

faibistes the Cudgeler (Ogre Warper)                Turns: 3481, Time: 00:07:32

Health: -9/45      AC:  3    Str: 16    XL:     4   Next: 93%
Magic:  4/8        EV: 10    Int: 13    God:
Gold:   69         SH:  0    Dex:  9    Spells: 4 memorised, 0 levels left

rFire  . . .     SeeInvis .     a - +0 mace
rCold  . . .     Clarity  .     b - +0 robe
rNeg   . . .     SustAb   .     (shield restricted)
rPois  .         Gourm    .     (helmet restricted)
rElec  .         Spirit   .     (no cloak)
rCorr  .         Warding  .     (gloves unavailable)
rMut   .         Stasis   .     (boots unavailable)
MR     .....                    (no amulet)
Stlth  +.........               (no ring)
                                (no ring)

@: not resistant to hostile enchantments, very unstealthy
A: unfitting armour, tough skin 1
a: no special abilities


You were on level 2 of the Dungeon.
You were hungry.

You visited 1 branch of the dungeon, and saw 3 of its levels.

You collected 69 gold pieces.

Inventory:

Hand weapons
 a - a +0 mace (weapon)
Missiles
 e - 5 tomahawks of dispersal
 n - 9 stones (quivered)
Armour
 b - a +0 robe (worn)
Scrolls
 d - a scroll of blinking
 h - a scroll of noise {unknown}
 k - 4 scrolls of identify {unknown}
 m - a scroll of magic mapping {unknown}
 o - a scroll of random uselessness {unknown}
Potions
 i - a potion of curing
 l - a potion of resistance {unknown}
 p - a potion of might {unknown}
 q - a potion of lignification {unknown}
Books
 c - a book of Spatial Translocations

   Spells                             Type                      Level
   a - Apportation                    Translocation                1
   b - Blink                          Translocation                2
   c - Shroud of Golubria             Charms/Translocation         2
   d - Portal Projectile              Translocation                3
   e - Teleport Other                 Translocation                3
   f - Passage of Golubria            Translocation                4
Comestibles
 f - 2 meat rations
 g - a beef jerky
 j - 4 fruits


   Skills:
 + Level 3.3 Fighting
 * Level 3.5 Maces & Flails
 * Level 2.7 Throwing
 + Level 1.4 Armour
 - Level 1.7 Dodging
 * Level 2.8 Spellcasting
 * Level 2.6 Translocations


You couldn't memorise any spells.
You knew the following spells:

 Your Spells              Type           Power        Failure   Level  Hunger
a - Apportation           Tloc           #.........   10%         1    #......
b - Teleport Other        Tloc           #.......     28%         3    ###....
c - Shroud of Golubria    Chrm/Tloc      #.........   21%         2    ###....
d - Blink                 Tloc           N/A          14%         2    ###....


Dungeon Overview and Level Annotations

Branches:
Dungeon (3/15)

Altars:
Fedhas
Nemelex Xobeh

Annotations:
D:2 Sigmund


Innate Abilities, Weirdness & Mutations

You are too large for most types of armour.
You have tough skin (AC +1).


Message History

You hit something. Something hits you.
You barely miss something. Something hits you.
Casting: Shroud of Golubria
Confirm with . or Enter, or press ? or * to list all spells.
Space distorts slightly along a thin shroud covering your body.
Something hits you!
You hit something. You miss something.
Your shroud bends its attack away!
You hit something but do no damage. Something hits you.
You completely miss something.
Your shroud begins to fray at the edges.
Something completely misses you.
You miss something. Something hits you!
* * * LOW HITPOINT WARNING * * *
Your shroud falls apart!
Your magical contamination has completely faded away.
You hit something.
You hear some strange, mumbled words.
The puff of flame hits you!
You die...

# #.......## #.######.........
#### #........# #.#...@..........
...# #........# #.#.#.##.........
##.# #........# #...<#######...#.
##.# #........###.....# #...#.
##.# ######........@..# #...##
##.# ######.#.###.#.#.# #...#
...# #...##.#.###.#.#.# ##.##
#### #..........@{..#.# #.###
######...##.##.##.#.#.#######....
........###.##........##.........
######### #.......#####.....####.
############.......###.
#............. #.#...........
#รท##.....#.##. #.###.......>.


There were no monsters in sight!

Vanquished Creatures
  5 adders (D:2)
  3 worms
  4 giant geckos
  An ooze (D:2)
  5 bats
  3 hobgoblins (D:1)
  3 giant newts
  6 goblins
  9 kobolds
  11 rats
50 creatures vanquished.

Vanquished Creatures (others)
  A hobgoblin (D:1)
  A kobold (D:1)
2 creatures vanquished.

Grand Total: 52 creatures vanquished

Notes
Turn   | Place    | Note
--------------------------------------------------------------
     0 | D:1      | faibistes, the Ogre Warper, began the quest for the Orb.
     0 | D:1      | Reached XP level 1. HP: 22/22 MP: 3/3
   500 | D:1      | Reached skill level 1 in Armour
   569 | D:1      | Reached XP level 2. HP: 26/29 MP: 5/5
   584 | D:1      | Learned a level 2 spell: Blink
   587 | D:1      | Learned a level 2 spell: Shroud of Golubria
   846 | D:1      | Reached skill level 3 in Fighting
   974 | D:1      | Reached XP level 3. HP: 29/37 MP: 6/6
  1445 | D:2      | Found a sparkling altar of Nemelex Xobeh.
  1462 | D:2      | Found a blossoming altar of Fedhas.
  1825 | D:2      | Reached XP level 4. HP: 25/45 MP: 4/8
  1833 | D:2      | Learned a level 3 spell: Teleport Other
  2028 | D:3      | Noticed an ogre
  2846 | D:2      | Noticed Sigmund
  3480 | D:2      | HP: 1/45 [something (16)]
  3481 | D:2      | Killed from afar by Sigmund

Action                   |  1- 3 |  4- 6 || total
-------------------------+-------+-------++-------
Melee: Mace              |   118 |    80 ||   198
Throw: Stone             |       |     7 ||     7
 Cast: Shroud of Golubri |     5 |    10 ||    15
  Use: Potion            |       |     1 ||     1
  Eat: Chunk             |     3 |     6 ||     9
